 Dungeon Crawl Stone Soup version 0.31-a0-702-gf82c85558f (webtiles) character file.

Game seed: 8474581798311221287

16091 Ofeo the Cleaver (level 12, -1/97 HPs)
             Began as a Demonspawn Wanderer on Sept 8, 2023.
             Collided with a sun demon (8 damage)
             ... caused by a rakshasa
             ... on level 12 of the Dungeon.
             The game lasted 00:15:56 (10168 turns).

Ofeo the Cleaver (Demonspawn Wanderer)             Turns: 10168, Time: 00:15:57

Health: -1/97      AC: 19    Str: 12    XL:     12   Next: 7%
Magic:  14/14      EV: 15    Int: 19    God:
Gold:   497        SH:  5    Dex: 13    Spells: 5/13 levels left

rFire   . . .        f - +16 obsidian axe {drain, demonic, Mesm Drain Fly SInv}
rCold   . . .        (no shield)
rNeg    . . .        C - +0 swamp dragon scales
rPois   +            E - +2 helmet
rElec   .            H - +1 cloak
rCorr   .            b - +0 pair of gloves
SInv    +            G - +2 pair of boots
Will    .....        k - amulet of reflection
Stlth   +            y - +5 ring of evasion
HPRegen 0.36/turn    (no ring)
MPRegen 0.28/turn

%: reflection
@: wereblooded, flying, mesmerised
A: icy blue scales 2, magic regeneration, demonic magic 1, weakness stinger 1
a: no special abilities


You were on level 12 of the Dungeon.
You visited 2 branches of the dungeon, and saw 13 of its levels.

You collected 699 gold pieces.
You spent 202 gold pieces at shops.

Inventory:

Hand Weapons
 a - a +4 dagger of distortion
 f - the +16 obsidian axe (weapon) {drain, demonic, Mesm Drain Fly SInv}
   (You acquired it on level 2 of the Dungeon)

   Mesm:      Its wielder is mesmerised by any visible foes, and it cannot be
   unequipped while any foes are visible.
   SInv:      It lets you see invisible.
   Fly:       It grants you flight.
   Drain:     It drains your maximum health when unequipped.
 o - a +3 dagger of freezing
Missiles
 B - 4 silver javelins
Armour
 b - a +0 pair of gloves (worn)
 C - +0 swamp dragon scales (worn)
 E - a +2 helmet (worn)
 G - a +2 pair of boots (worn)
 H - a +1 cloak (worn)
Jewellery
 k - an amulet of reflection (around neck)
 y - a +5 ring of evasion (left hand)
Wands
 d - a wand of flame (39)
 j - a wand of acid (5) {@v2}
 z - a wand of paralysis (14)
 F - a wand of digging (5) {@v1}
Scrolls
 g - a scroll of silence
 i - 2 scrolls of identify {@r1}
 u - a scroll of fog
 v - a scroll of revelation
 x - 2 scrolls of poison
 D - 3 scrolls of teleportation {@r3}
 J - a scroll of blinking {@r4}
 K - a scroll of brand weapon
Potions
 c - a potion of attraction
 h - a potion of heal wounds {@q2}
 l - a potion of lignification
 m - 2 potions of might {@q4}
 n - 3 potions of cancellation
 p - 2 potions of brilliance
 q - 7 potions of curing {@q1}
 r - a potion of resistance {@q6}
 s - a potion of haste {@q3}
 w - a potion of mutation
 I - 3 potions of invisibility
 R - 2 potions of berserk rage
Miscellaneous
 e - a phantom mirror (inert)
 t - a phantom mirror (inert)
 A - a phial of floods


   Skills:
 - Level 9.8 Fighting
 + Level 13.6 Axes
 - Level 1.4 Armour
 - Level 2.2 Stealth
 - Level 1.4 Spellcasting
 - Level 5.7 Necromancy
 - Level 6.0 Transmutations
 - Level 4.2 Evocations


You had 5 spell levels left.
You knew the following spells:

 Your Spells              Type           Power      Damage    Failure   Level
a - Necrotise             Necr           92%        1d8       3%          1
b - Vampiric Draining     Necr           23%        2d7       11%         3
c - Sublimation of Blood  Necr           23%        N/A       5%          2
d - Wereblood             Tmut           24%        N/A       4%          2

Your spell library contained the following spells:

 Spells                   Type           Power      Damage    Failure   Level
 Kiss of Death            Conj/Necr      48%        2d9       12%         1
 Shock                    Conj/Air       4%         1d3       36%         1
 Dispel Undead            Necr           23%        3d12      36%         4
 Confusing Touch          Hex            1%         N/A       75%         3
 Inner Flame              Hex/Fire       1%         N/A       75%         3
 Swiftness                Air            1%         N/A       75%         3
 Yara's Violent Unravell  Hex/Tmut       6%         3d5       97%         5
 Airstrike                Air            0%         2d(1-17)  98%         4
 Flame Wave               Conj/Fire      1%         2d4       98%         4
 Sticky Flame             Conj/Fire      1%         2d3       98%         4
 Enfeeble                 Hex            0%         N/A       100%        7
 Summon Hydra             Summ           0%         N/A       100%        7


Dungeon Overview and Level Annotations

Branches:
Dungeon (12/15)            Temple (1/1) D:4            Lair (0/5) D:9
    Orc (0/2) D:9

Altars:
Ashenzari
Cheibriados
Dithmenos
Fedhas
Gozag
Hepliaklqana
Kikubaaqudgha
Makhleb
Nemelex Xobeh
Okawaru
Qazlal
Ru
Sif Muna
Trog
Uskayaw
Vehumet
Wu Jian
Xom
Yredelemnul

Shops:
D:4 [


Innate Abilities, Weirdness & Mutations

You are mostly covered in icy blue scales. (AC +3)
You regenerate magic rapidly.
Spells you cast may paralyse adjacent enemies.
You have a small tail.


Message History

You slash the cyclops!
The cyclops is moderately wounded.
Visions of slaying the cyclops flood into your mind.
The cyclops hits you!! You block the rakshasa's attack.
You take 19 damage, and have 36/97 hp.
You slash the cyclops!
The cyclops is heavily wounded.
The rakshasa closely misses you.
You slash the cyclops! You drain the cyclops.
The cyclops is severely wounded.
The cyclops hits you!
* * * LOW HITPOINT WARNING * * *
The rakshasa closely misses you.
You take 10 damage, and have 26/97 hp.
You slash the cyclops!
You break out of your daze!
You feel a bit better.
You kill the cyclops!
Visions of slaying the rakshasa flood into your mind.
You howl as the wereblood boils in your veins!
You regained 4 hp, and now have 30/97 hp.
The rakshasa hits you with a +0 trident!
* * * LOW HITPOINT WARNING * * *
Items here: ( ) ††.
You slash the rakshasa!
Your tail-slap misses the rakshasa.
The rakshasa is lightly wounded.
You howl as the wereblood boils in your veins!
You block the rakshasa's attack.
You take 8 damage, and have 22/97 hp.
MP restored: 14 You closely miss the rakshasa.
The rakshasa is lightly wounded.
You howl as the wereblood boils in your veins!
The rakshasa gestures at you. The lance of force hits you!
* * * LOW HITPOINT WARNING * * *
You are knocked back by the lance of force.
You collide with your sun demon!
Your sun demon is severely wounded.
You die...

...............^.........#
#........................#
#........................#
#............#######.....#
#............#.....#.....#
#............#.....#.....#
#............+.....#.....#
#...........R#.....#.....#
#.....######@#.....#.....#
#.....#....#3##'####.>...###
#####.....#....#43.†...........#
.........##....#3..............#
.........#.....#)...)).........#
.........#.....#...............#
###'#....'.....#....)........###
....#....'.....#.....<.......#
....#....#'#####.............#


You could see a rakshasa (mesmerising, ally target), a friendly sun demon
(summoned), a friendly rust devil (summoned), a friendly smoke demon (summoned)
and a friendly neqoxec (summoned).

Vanquished Creatures
  Erolcha (D:11)
  2 boulder beetles
  2 two-headed ogres
  An orange crystal statue (D:11)
  An ugly thing (D:12)
  A cyclops (D:12)
  A gargoyle (D:11)
  3 unseen horrors
  Psyche (D:10)
  3 trolls
  A hornet (D:8)
  A vampire (D:12)
  2 shadows
  5 yaks (D:11)
  A wraith (D:12)
  4 wyverns
  4 water moccasins
  3 acid dragons
  A swamp drake (D:9)
  A sky beast (D:7)
  An ice beast (D:7)
  3 orc warriors
  2 centaurs
  3 wolves (D:9)
  3 ogres
  A scorpion (D:6)
  5 bullfrogs
  3 wights (D:8)
  5 killer bees
  4 orc priests
  A jelly (D:5)
  3 hounds
  9 orc wizards
  3 sleepcaps
  An iguana (D:7)
  Robin (D:2)
  5 gnolls
  4 adders
  A white imp (D:5)
  An ufetubus (D:4)
  A worm (D:2)
  2 dart slugs
  42 orcs
  6 ball pythons
  10 endoplasms
  3 giant cockroaches
  12 goblins
  8 hobgoblins
  12 jackals
  5 quokkas
  4 bats
  7 frilled lizards
  13 kobolds
  A rat (D:1)
224 creatures vanquished.

Vanquished Creatures (collateral kills)
  A two-headed ogre (D:12)
  Sonja (D:11)
  A shadow (D:9)
  A wyvern (D:10)
  6 yaks (D:11)
  3 vampire mosquitoes (D:11)
  Duvessa (D:6)
  2 water moccasins (D:7)
  An orc warrior (D:9)
  An ogre (D:6)
  A centaur (D:10)
  2 wolves (D:9)
  A kobold brigand (D:11)
  3 bullfrogs
  Dowan (D:6)
  2 killer bees (D:9)
  2 electric eels (D:9)
  3 hounds
  4 orc priests
  2 gnoll boudas
  2 iguanas
  2 gnolls
  An ufetubus (D:6)
  A worm (D:2)
  An orc (D:9)
  A bat (D:3)
  An endoplasm (D:4)
  2 goblins
  A hobgoblin (D:4)
  A jackal (D:5)
  5 kobolds (D:11)
57 creatures vanquished.

Vanquished Creatures (others)
  A goblin (D:2)
1 creature vanquished.

Grand Total: 282 creatures vanquished

Notes
Turn   | Place    | Note
-------+----------+-------------------------------------------
     0 | D:1      | Ofeo the Demonspawn Wanderer began the quest for the Orb.
     0 | D:1      | Ofeo set off with the following items: a +0 dagger, a +0
                  | pair of gloves, a +0 robe, a phantom mirror, a potion of
                  | curing {@q1}; and the following spell memorised: Necrotise;
                  | and the following spells available to memorise: Vampiric
                  | Draining.
     0 | D:1      | Reached XP level 1. HP: 13/13 MP: 2/2
   122 | D:1      | Gained mutation: Spells you cast may paralyse adjacent
                  | enemies. [demonic ancestry]
   122 | D:1      | Reached XP level 2. HP: 4/19 MP: 0/3
   439 | D:1      | Found a faded altar of an unknown god.
   738 | D:1      | Gained mutation: You have a small tail. [demonic ancestry]
   738 | D:1      | Reached XP level 3. HP: 24/24 MP: 2/5
   901 | D:1      | Learned a level 3 spell: Vampiric Draining
  1106 | D:2      | Noticed Robin
  1136 | D:2      | Killed Robin
  1139 | D:2      | Reached XP level 4. HP: 26/30 MP: 1/6
  2131 | D:2      | Identified a scroll of acquirement
  2131 | D:2      | Acquired the +16 obsidian axe {drain, demonic, Mesm Drain
                  | Fly SInv}
  2131 | D:2      | Found the +16 obsidian axe {drain, demonic, Mesm Drain Fly
                  | SInv}
  2693 | D:3      | Reached skill level 5 in Necromancy
  2693 | D:3      | Reached XP level 5. HP: 20/35 MP: 7/7
  3071 | D:4      | Found Douliri Joku's Antique Armour Shoppe.
  3266 | D:4      | Found a staircase to the Ecumenical Temple.
  3724 | Temple   | Entered the Ecumenical Temple
  3728 | Temple   | Learned a level 2 spell: Sublimation of Blood
  3749 | D:5      | Entered Level 5 of the Dungeon
  3758 | D:5      | Reached skill level 1 in Fighting
  3759 | D:5      | Reached XP level 6. HP: 44/44 MP: 8/8
  3893 | D:5      | Noticed a ynoxinul
  4097 | D:5      | Reached XP level 7. HP: 48/55 MP: 9/9
  4308 | D:5      | Reached skill level 5 in Fighting
  4636 | D:6      | Gained mutation: You regenerate magic rapidly. [demonic
                  | ancestry]
  4636 | D:6      | Reached XP level 8. HP: 67/67 MP: 10/10
  4759 | D:6      | Noticed Duvessa
  4761 | D:6      | Noticed Dowan
  4763 | D:6      | Killed Duvessa
  4764 | D:6      | Killed Dowan
  5310 | D:7      | Reached skill level 1 in Axes
  5344 | D:7      | Reached skill level 2 in Axes
  5471 | D:7      | Gained mutation: You are partially covered in icy blue
                  | scales. (AC +2) [demonic ancestry]
  5471 | D:7      | Reached XP level 9. HP: 75/78 MP: 11/11
  5543 | D:7      | Noticed a rust devil
  5544 | D:7      | Reached skill level 3 in Axes
  5712 | D:7      | Reached skill level 4 in Axes
  5830 | D:7      | Noticed an unseen horror
  5847 | D:7      | Killed an unseen horror
  5848 | D:7      | Reached skill level 5 in Axes
  5912 | D:7      | Reached skill level 6 in Axes
  6390 | D:8      | Reached skill level 7 in Axes
  6470 | D:8      | Noticed a two-headed ogre
  6475 | D:8      | Killed a two-headed ogre
  6476 | D:8      | Reached skill level 8 in Axes
  6494 | D:8      | Reached XP level 10. HP: 85/85 MP: 12/12
  6495 | D:8      | Learned a level 2 spell: Wereblood
  6589 | D:8      | Noticed a boulder beetle
  6603 | D:8      | Killed a boulder beetle
  6607 | D:8      | Identified the +0 robe of Gozag's Reproof {Str+7 Dex+2}
  6707 | D:8      | Found a burning altar of Makhleb.
  6976 | D:8      | Reached skill level 9 in Axes
  7334 | D:4      | Bought a pair of embroidered boots for 202 gold pieces
  7443 | D:9      | Found a staircase to the Orcish Mines.
  7574 | D:9      | Found a staircase to the Lair.
  7582 | D:9      | Reached skill level 10 in Axes
  8161 | D:9      | Reached skill level 11 in Axes
  8436 | D:10     | Entered Level 10 of the Dungeon
  8480 | D:10     | Noticed Psyche
  8731 | D:10     | Killed Psyche
  8834 | D:10     | Gained mutation: You are mostly covered in icy blue scales.
                  | (AC +3) [demonic ancestry]
  8834 | D:10     | Reached XP level 11. HP: 90/90 MP: 13/13
  9307 | D:11     | Identified the +0 whip of Vanity {protect, rElec rPois rC-
                  | Str-3 SInv}
  9365 | D:11     | Noticed a boulder beetle
  9375 | D:11     | Killed a boulder beetle
  9376 | D:11     | Reached skill level 12 in Axes
  9376 | D:11     | Reached skill level 1 in Transmutations
  9394 | D:11     | Noticed a two-headed ogre
  9398 | D:11     | Killed a two-headed ogre
  9596 | D:11     | Noticed Erolcha
  9606 | D:11     | Killed Erolcha
  9617 | D:11     | Noticed an orange crystal statue
  9639 | D:11     | Killed an orange crystal statue
  9717 | D:11     | Noticed Sonja
  9722 | D:11     | Killed Sonja
  9723 | D:11     | Reached skill level 5 in Transmutations
  9908 | D:11     | Reached skill level 13 in Axes
 10114 | D:12     | Noticed a red ugly thing
 10129 | D:12     | Killed a red ugly thing
 10140 | D:12     | Noticed a two-headed ogre
 10148 | D:12     | Killed a two-headed ogre
 10149 | D:12     | Reached XP level 12. HP: 91/97 MP: 14/14
 10154 | D:12     | Noticed a rakshasa
 10168 | D:12     | Collided with a sun demon

Illustrated notes

Levels and vault maps discovered:
D:1:      giann_bridges, layout_basic, hellmonk_ecumenical_altar_leap_of_faith
D:2:      layout_rooms, grunt_decor_cap, minmay_strange_pillars, uniq_robin
D:3:      layout_basic
D:4:      layout_cave_pools, minmay_temple_entry_mini_moons, serial_shops, shop,
          minivault_24, kennysheep_decorative_pillar
D:5:      layout_layer_cave, glass_columns_c
D:6:      layout_gridville, hex_tiny, uniq_duvessa
D:7:      layout_gridville, nicolae_tso_carved_into_rock
D:8:      layout_gridville, mainiacjoe_overflow_boulevard, minmay_microvault
D:9:      layout_loops_cross, erik_lair_island, erik_orc_1
D:10:     layout_cave_pools, serial_glass, glass_columns_b, glass_columns_b,
          glass_columns_c, glass_columns_a, glass_columns_c, glass_columns_a,
          glass_columns_a, glass_columns_c, glass_columns_c, glass_columns_a,
          uniq_psyche
D:11:     layout_rooms, minivault_15, uniq_sonja, uniq_erolcha
D:12:     layout_irregular_city, serial_shops, shop
Temple:   mainiacjoe_temple_big_plus

Skill      XL: |  1  2  3  4  5  6  7  8  9 10 11 |
---------------+----------------------------------+-----
Stealth        | 2 |  2.2
Necromancy     | 3 5 |  5.7
Fighting       | 1 4 7 9 |  9.8
Axes           | 2 8 11 13 | 13.6
Transmutations | 6 |  6.0
Armour         | |  1.4
Spellcasting   | |  1.4
Evocations     | |  4.2

Action                     |  1- 3 |  4- 6 |  7- 9 | 10-12 || total
---------------------------+-------+-------+-------+-------++-------
  Melee: Dagger            |    83 |    45 |       |       ||   128
         Punch             |     1 |       |     2 |     6 ||     9
         Tailslap          |     3 |     5 |     7 |    27 ||    42
         Broad axe         |       |    65 |   101 |   169 ||   335
   Cast: Necrotise         |    33 |    17 |       |     1 ||    51
         Wereblood         |       |       |       |     3 ||     3
  Evoke: Wand              |       |       |       |     2 ||     2
         Phantom mirror    |       |       |       |     1 ||     1
    Use: Potion            |     1 |       |       |     1 ||     2
         Scroll            |       |     4 |       |    17 ||    21
   Stab: Paralysed         |    12 |     6 |       |       ||    18
         Sleeping          |     2 |     4 |     3 |       ||     9
         Distracted        |     1 |     1 |       |       ||     2
 Armour: Robe              |    47 |    30 |       |       ||    77
         Animal skin       |       |    48 |    33 |       ||    81
         Swamp dragon scal |       |       |    51 |   124 ||   175
  Dodge: Dodged            |    55 |    61 |    77 |   142 ||   335
  Block: Other             |       |       |    16 |    53 ||    69
         Reflection        |       |       |       |     2 ||     2

Table legend: (Time is in decaauts)
 A = Elapsed time spent in this place.
 B = Non-inter-level travel time spent in this place.
 C = Inter-level travel time spent in this place.
 D = Time resting spent in this place.
 E = Time spent auto-exploring this place.
 F = Levels seen in this place.
 G = Mean time per level.
                   A        B        C        D        E       F      G
               +--------+--------+--------+--------+--------+-----+--------+
         Total |  10273 |   9814 |    459 |    422 |   7758 |  13 |  790.2 |
       Dungeon |  10269 |   9810 |    459 |    422 |   7758 |  12 |  855.8 |
        Temple |      4 |      4 |      0 |      0 |      0 |   1 |    4.0 |
               +--------+--------+--------+--------+--------+-----+--------+

Top non-repeatable levels by time:
     D:9: 1269 daAuts
     D:8: 1193 daAuts
     D:1: 1115 daAuts
     D:2: 1031 daAuts
     D:7: 966 daAuts
     D:3: 873 daAuts
     D:6: 823 daAuts
     D:4: 767 daAuts
     D:5: 730 daAuts
    D:11: 666 daAuts
    D:10: 622 daAuts
    D:12: 209 daAuts
  Temple: 4 daAuts
